 Dungeon Crawl Stone Soup version 0.27.0-1-g7a089689b8 (webtiles) character file.

Game seed: 404375499087468447

44 Brandom the Ducker (level 3, -5/27 HPs)
             Began as a Djinni Air Elementalist on July 31, 2021.
             Slain by Sigmund (11 damage)
             ... on level 2 of the Dungeon.
             The game lasted 00:05:05 (1763 turns).

Brandom the Ducker (Djinni Air Elementalist)        Turns: 1763, Time: 00:05:05

Health: -5/27      AC:  2    Str:  8    XL:     3   Next: 85%
Gold:   50         EV: 12    Int: 16    God:
                   SH:  0    Dex: 13

rFire    + + .     SeeInvis .   e - +2 whip (elec)
rCold    x . .     Faith    .   (no shield)
rNeg     . . .     Spirit   .   a - +0 robe
rPois    ∞         Reflect  .   (no helmet)
rElec    .         Harm     .   (no cloak)
rCorr    .         Rampage  .   (no gloves)
Will     .....                  (boots unavailable)
Stlth    ++........             (no amulet)
HPRegen  0.09/turn              (no ring)
MPRegen  0.00/turn              (no ring)

@: flying
A: sickness immunity, fire resistance 2, cold vulnerability 1, float, innate
caster, hp casting, extra vitality 1
a: no special abilities


You were on level 2 of the Dungeon.
You visited 1 branch of the dungeon, and saw 2 of its levels.

You collected 50 gold pieces.

Inventory:

Hand Weapons
 c - a +0 club
   (You took it off a goblin on level 1 of the Dungeon)
 e - a +2 whip of electrocution (weapon)
   (You took it off a kobold on level 1 of the Dungeon)
Armour
 a - a +0 robe (worn)
 d - a +0 helmet
   (You found it on level 1 of the Dungeon)
Scrolls
 b - 3 scrolls of identify {unknown}


   Skills:
 + Level 1.5 Fighting
 + Level 0.1 Maces & Flails
 + Level 3.0 Dodging
 - Level 1.5 Stealth
 + Level 2.8 Spellcasting


You couldn't memorise any spells.
You knew the following spells:

 Your Spells              Type           Power      Damage    Failure   Level
a - Shock                 Conj/Air       44%        1d5       6%          1
b - Static Discharge      Conj/Air       11%        N/A       9%          2
c - Airstrike             Air            5%         N/A       52%         4
d - Freeze                Ice            44%        1d6       6%          1
s - Swiftness             Air            11%        N/A       19%         3
Your spell library was empty.

Dungeon Overview and Level Annotations

Branches:
Dungeon (2/15)

Altars:

Annotations:
D:2 Sigmund


Innate Abilities, Weirdness & Mutations

You are immune to sickness and miasma.
You are immune to poison.
Your flesh is very heat resistant. (rF++)
You are vulnerable to cold. (rC-)
You float through the air rather than walking.
You learn spells naturally, not from books.
Your magical power is your life essence.
You have superior vitality. (+4 HP)


Message History

You hit the ball python.
You kill the ball python!
No target in view!
No target in view!
A goblin comes into view. It is wielding a +0 club.
The goblin shouts!
You hit the goblin.
You kill the goblin!
No target in view!
No target in view!
Sigmund is nearby!
Okay, then.
You miscast Shock.
You are very lightly contaminated with residual magic.
Nothing appears to happen.
Sigmund shouts!
The zap hits Sigmund.
The zap hits Sigmund.
The zap hits Sigmund.
Sigmund misses you.
Sigmund screams, "I am the angel of ZOT!!!"
Your magical contamination has completely faded away.
A gnoll comes into view. It is wielding a +0 club.
Sigmund gestures at you while chanting. The puff of flame hits you. You resist.
The gnoll moves out of view.
Sigmund casts a spell at you.
You are confused.
Sigmund casts a spell at you. The magic dart hits you.
You bump into the rock wall.
Sigmund hits you from afar with a +0 scythe!
* * * LOW HITPOINT WARNING * * *
You bump into the rock wall.
A gnoll comes into view. It is wielding a +0 flail.
Sigmund hits you from afar with a +0 scythe.
* * * LOW HITPOINT WARNING * * *
Unknown command.
You aren't carrying any potions.
You bump into the rock wall.
You feel less confused.
The gnoll shouts!
You hear a shout!
Sigmund misses you.
Unknown command.
Unknown command.
Unknown command.
Sigmund breathes a few words.
Sigmund's hands start flickering wildly.
The zap hits Sigmund. x2
* * * LOW HITPOINT WARNING * * *
Sigmund hits you from afar with a +0 scythe!
You die...

### # . #.# .
#.#.#######. #######†#
.. #.#.........
#####....##.###...
#.##..(....
#.g.g.........)..#
#........#
#@###.##.#########
##.<...#.# #.# #.##.#
##........#####@# #g##.#
#...†...........# #.##.#
#...............# #.##.#
#.........#...#.# #>##.#
##...<...#......###.##.#
##................. #.#
#....###......g...
#.#### ##...###### #.
#####


You could see Sigmund and 2 gnolls.

Vanquished Creatures
  4 ball pythons
  6 endoplasms (D:1)
  A giant cockroach (D:1)
  4 goblins
  A hobgoblin (D:1)
  9 jackals (D:1)
  A quokka (D:1)
  5 bats
  A frilled lizard (D:1)
  4 kobolds (D:1)
  2 rats (D:1)
38 creatures vanquished.

Vanquished Creatures (others)
  6 plants (D:2)
6 creatures vanquished.

Grand Total: 44 creatures vanquished

Notes
Turn   | Place    | Note
-------+----------+-------------------------------------------
     0 | D:1      | Brandom the Djinni Air Elementalist began the quest for the
                  | Orb.
     0 | D:1      | Reached XP level 1. HP: 15/15 MP: 0/0
   176 | D:1      | Reached XP level 2. HP: 14/22 MP: 0/0
   424 | D:1      | Reached skill level 1 in Fighting
   873 | D:1      | Reached XP level 3. HP: 26/27 MP: 0/0
   873 | D:1      | Learned a level 1 spell: Freeze
  1290 | D:1      | Reached skill level 3 in Dodging
  1503 | D:2      | Noticed Sigmund
  1763 | D:2      | Slain by Sigmund

Illustrated notes

Levels and vault maps discovered:
D:1:      heliophobic_arrival_ceremonial_halls, layout_basic
D:2:      layout_loops_ring, serial_shops, nicolae_lakefront_shop,
          serial_bayou_pond_c, kennysheep_jessica_study, uniq_sigmund,
          uniq_natasha

Skill      XL: |  1  2  3 |
---------------+----------+-----
Fighting       | 1 |  1.5
Dodging        | 3 |  3.0
Maces & Flails | |  0.1
Stealth        | |  1.5
Spellcasting   | |  2.8

Action                   || total
-------------------------++-------
Melee: Whip              ||    21
       Club              ||     9
 Cast: Shock             ||    50
 Stab: Sleeping          ||     2
Armor: Robe              ||     4
Dodge: Dodged            ||    25
